 Dungeon Crawl Stone Soup version 0.31-a0-844-gdc52ec4e09 (console) character file.

Game seed: 11272298018052161933

516187 questionabletactics the Pyromancer (level 25, -5/203 (207) HPs)
             Began as a Barachi Cinder Acolyte on Sept 30, 2023.
             Was a High Priest of Ignis.
             Slain by a spriggan defender simulacrum (18 damage)
             ... summoned by a curse skull
             ... on level 3 of the Crypt on Oct 1, 2023.
             The game lasted 04:42:54 (69353 turns).

questionabletactics the Pyromancer (BaCA)          Turns: 69353, Time: 04:42:55

HP:   -5/203 (207)  AC: 36    Str: 16    XL:     25   Next: 71%
MP:   39/39         EV: 23    Int: 23    God:    Ignis [*****.]
Gold: 5998          SH: 16    Dex: 24    Spells: 16/49 levels left

rFire   + + .        a - staff of conjuration
rCold   + . .        B - +0 kite shield
rNeg    + . .        h - +7 pearl dragon scales
rPois   .            f - +3 crown of Dyrovepreva {rElec Int+2 SInv}
rElec   +            z - scarf {rC+ rF+}
rCorr   .            V - +2 pair of gloves
SInv    +            e - +2 pair of boots {rampage}
Will    +....        y - amulet of Vitality {RegenMP++ Regen++}
Stlth   ++           n - +6 ring of dexterity
HPRegen 2.13/turn    l - ring "Wufy" {Wiz Int+5 Stlth+}
MPRegen 1.06/turn

%: rampage, wizardry (x1)
@: lightly drained, slow
A: amphibious, slowness 1, strong legs 2, +LOS
}: 2/15 runes: decaying, gossamer
a: Hop, Renounce Religion, Fiery Armour, Foxfire Swarm, Rising Flame


You were on level 3 of the Crypt.
You worshipped Ignis.
Ignis was extremely pleased with you.
You visited 9 branches of the dungeon, and saw 44 of its levels.
You visited 1 bazaar.
You also visited: Sewer, Gauntlet, Ice Cave and Desolation.

You collected 7252 gold pieces.
You spent 1254 gold pieces at shops.

Inventory:

Hand Weapons
 N - a +7 spear of electrocution
Missiles
 T - 19 curare-tipped darts
 U - 3 throwing nets
Armour
 e - a +2 pair of boots of rampaging (worn)
 f - the +3 crown of Dyrovepreva (worn) {rElec Int+2 SInv}
   (You found it on level 5 of the Lair of Beasts)

   Int+2:     It affects your intelligence (+2).
   rElec:     It insulates you from electricity.
   SInv:      It lets you see invisible.
 h - +7 pearl dragon scales (worn)
 v - the +0 pair of gloves of Tomorrow {Rampage rF+ rC+ Str-2}
   (You acquired it on level 1 of the Depths)

   Str-2:     It affects your strength (-2).
   rF+:       It protects you from fire.
   rC+:       It protects you from cold.
   Rampage:   It bestows one free step when moving towards enemies.
 z - a scarf of resistance (worn)
 B - a +0 kite shield (worn)
 V - a +2 pair of gloves (worn)
Magical Staves
 a - a staff of conjuration (weapon)
 b - a staff of fire
Jewellery
 i - the amulet of Opnifika {Reflect Int+3 Dex+3 SH+5}
   (You found it on level 3 of the Elven Halls)

   [amulet of reflection]

   Reflect:   It reflects blocked missile attacks.
   Int+3:     It affects your intelligence (+3).
   Dex+3:     It affects your dexterity (+3).
   SH+5:      It affects your SH (+5).
 l - the ring "Wufy" (right hand) {Wiz Int+5 Stlth+}
   (You took it off a ragged hierophant in the Desolation of Salt)

   [ring of wizardry]

   Wiz:       It improves your spell success rate.
   Int+5:     It affects your intelligence (+5).
   Stlth+:    It makes you more stealthy.
 m - the ring "Liahosm" {rF+ Str+3}
   (You took it off a ragged hierophant in the Desolation of Salt)

   [ring of protection from fire]

   Str+3:     It affects your strength (+3).
   rF+:       It protects you from fire.
 n - a +6 ring of dexterity (left hand)
 o - a +5 ring of evasion
 s - the ring of Wuulis {Fire *Slow rPois Str+5}
   (You found it in the Desolation of Salt)

   [ring of fire]

   Fire:      It enhances your fire magic.
   Str+5:     It affects your strength (+5).
   rF+:       It protects you from fire.
   rC-:       It makes you vulnerable to cold.
   rPois:     It protects you from poison *Slow: It may slow you when you take
   damage.
 u - a ring of poison resistance
 y - the amulet of Vitality (around neck) {RegenMP++ Regen++}
   (You found it on level 3 of the Lair of Beasts)

   [amulet of magic regeneration]

   RegenMP:   It increases your rate of magic regeneration.
   Regen++:   It increases your rate of health regeneration.
 I - a ring of willpower
 W - a ring of flight
Wands
 w - a wand of polymorph (18)
 H - a wand of digging (15)
 K - a wand of acid (9)
 P - a wand of charming (27)
 R - a wand of mindburst (26)
 S - a wand of iceblast (22)
Scrolls
 d - a scroll of vulnerability
 j - a scroll of blinking
 J - a scroll of silence
 L - 7 scrolls of summoning
 M - 6 scrolls of fear
 Q - 7 scrolls of teleportation
 X - 7 scrolls of fog
Potions
 g - 6 potions of mutation
 k - 5 potions of enlightenment
 p - 5 potions of invisibility
 q - 12 potions of curing
 r - 4 potions of ambrosia
 t - 7 potions of heal wounds
 x - 2 potions of haste
 A - 5 potions of brilliance
 D - 3 potions of magic
 E - 8 potions of might
 F - a potion of resistance
 G - 5 potions of cancellation
Miscellaneous
 C - a lightning rod (4/4)


   Skills:
 - Level 19.0 Fighting
 - Level 5.5 Long Blades
 - Level 6.1(9.0) Polearms
 - Level 11.2(12.0) Staves
 - Level 19.2 Armour
 + Level 19.7 Dodging
 - Level 1.5 Stealth
 - Level 17.1 Shields
 - Level 12.8 Spellcasting
 - Level 15.6 Conjurations
 - Level 4.1 Translocations
 + Level 22.6 Fire Magic
 - Level 4.8 Poison Magic
 - Level 15.5 Evocations


You had 16 spell levels left.
You knew the following spells:

 Your Spells              Type           Power      Damage    Failure   Level
a - Scorch                Fire           100%       2d9       0%          2
b - Sticky Flame          Conj/Fire      100%       2d11      1%          4
c - Fireball              Conj/Fire      50%        3d20      1%          5
d - Mephitic Cloud        Conj/Pois/Air  62%        N/A       1%          3
e - Ignite Poison         Fire/Tmut/Pois 54%        N/A       1%          3
f - Starburst             Conj/Fire      50%        6d14      1%          6
g - Ignition              Fire           43%        3d13      4%          8
h - Blink                 Tloc           66%        N/A       1%          2

Your spell library contained the following spells:

 Spells                   Type           Power      Damage    Failure   Level
 Foxfire                  Conj/Fire      100%       2x1d9     0%          1
 Apportation              Tloc           66%        N/A       1%          1
 Kiss of Death            Conj/Necr      100%       2d13      1%          1
 Magic Dart               Conj           100%       1d8       1%          1
 Shock                    Conj/Air       100%       1d9       1%          1
 Lesser Beckoning         Tloc           66%        N/A       1%          2
 Momentum Strike          Conj/Tloc      100%       3d10      1%          2
 Inner Flame              Hex/Fire       61%        N/A       1%          3
 Stone Arrow              Conj/Erth      100%       3d13      1%          3
 Volatile Blastmotes      Fire/Tloc      100%       2d18      1%          3
 Iskenderun's Mystic Bla  Conj/Tloc      74%        2d15      1%          4
 Fulminant Prism          Conj/Hex       33%        3d15      2%          4
 Cigotuvi's Dreadful Rot  Necr/Pois/Air  44%        N/A       5%          2
 Necrotise                Necr           56%        1d6       7%          1
 Summon Small Mammal      Summ           56%        N/A       7%          1
 Irradiate                Conj/Tmut      33%        3d22      8%          5
 Plasma Beam              Fire/Air       30%        2x1d43    10%         6
 Call Imp                 Summ           28%        N/A       11%         2
 Ensorcelled Hibernation  Hex/Ice        28%        N/A       11%         2
 Jinxbite                 Hex            28%        N/A       11%         2
 Passwall                 Tmut/Erth      11%        N/A       11%         2
 Wereblood                Tmut           14%        N/A       11%         2
 Manifold Assault         Tloc           33%        N/A       12%         4
 Passage of Golubria      Tloc           33%        N/A       12%         4
 Call Canine Familiar     Summ           14%        N/A       21%         3
 Sigil of Binding         Hex            14%        N/A       21%         3
 Summon Guardian Golem    Hex/Summ       14%        N/A       21%         3
 Swiftness                Air            14%        N/A       21%         3
 Tukima's Dance           Hex            14%        N/A       21%         3
 Vampiric Draining        Necr           14%        2d7       21%         3
 Freezing Cloud           Conj/Ice/Air   27%        6-21      21%         5
 Dimensional Bullseye     Hex/Tloc       12%        N/A       26%         4
 Airstrike                Air            7%         2d(1-17)  52%         4
 Anguish                  Hex/Necr       7%         N/A       52%         4
 Animate Armour           Summ/Erth      28%        N/A       52%         4
 Cause Fear               Hex            7%         N/A       52%         4
 Petrify                  Tmut/Erth      14%        N/A       52%         4
 Alistair's Intoxication  Tmut/Pois      16%        N/A       52%         5
 Agony                    Necr           14%        N/A       86%         5
 Lee's Rapid Deconstruct  Erth           7%         3d6*      86%         5
 Yara's Violent Unravell  Hex/Tmut       7%         3d5       86%         5
 Dispersal                Tloc           16%        N/A       86%         6
 Fire Storm               Conj/Fire      50%        8d13      92%         9
 Enfeeble                 Hex            7%         N/A       100%        7
 Malign Gateway           Summ/Tloc      12%        N/A       100%        7
 Disjunction              Tloc           16%        N/A       100%        8
 Lehudib's Crystal Spear  Conj/Erth      33%        10d8      100%        8
 Summon Horrible Things   Summ           7%         N/A       100%        8
 Chain Lightning          Conj/Air       33%        3d44      100%        9
 Dragon's Call            Summ           7%         N/A       100%        9
 Polar Vortex             Ice            7%         N/A       100%        9
 Shatter                  Erth           7%         3d9*      100%        9


Dungeon Overview and Level Annotations

Branches:
Dungeon (15/15)            Temple (0/1) D:5            Lair (5/5) D:11
  Swamp (4/4) Lair:2       Spider (4/4) Lair:2        Slime (0/5) Lair:4
    Orc (2/2) D:10            Elf (3/3) Orc:2        Vaults (4/5) D:13
  Crypt (3/3) Vaults:3     Depths (4/4) D:15            Zot (0/5) Depths:4
  Sewer (visited)           IceCv (visited)         Desolation (visited)
Gauntlet (visited)
   Tomb: Crypt:3

Altars:
Cheibriados
Elyvilon
Hepliaklqana
Kikubaaqudgha
Makhleb
Ru
Trog
Uskayaw
Wu Jian
Xom
Jiyva
Lugonu

Shops:
D:15 [   Orc:2 (*[=   Elf:1 :==   Elf:2 :   Vaults:4 *   Depths:4 [=

Portals:
Hell: Depths:1 Depths:2 Depths:3 Depths:4
Abyss: Lair:5 Depths:3
Pandemonium: Depths:2
Ziggurat: Depths:4

Annotations:
Spider:4 1 runed translucent door, Icietuah's ghost, journeyman FeWn
Elf:1 6 runed translucent doors
Elf:2 3 runed translucent doors
Depths:2 1 runed translucent door
Depths:4 3 runed translucent doors, Biwanos's ghost, adept MiFi; Camaan's ghost, adept DgCj; Janeylunn's ghost, veteran GnWn; Kurtz's ghost, veteran OpFi; Zeph's ghost, adept NaFi


Innate Abilities, Weirdness & Mutations

You are amphibious.
You cover ground slowly.
You can hop long distances.
You have an extended range of vision and can be seen from far away.


Message History

The hog skeleton completely misses you.
You block the freezing wraith's attack. x2
You block the spriggan defender simulacrum's attack.
The curse skull calls on the powers of darkness!
Your body is wracked with pain!
* * * LOW HITPOINT WARNING * * *
You hit the curse skull but do no damage.
You blast the curse skull!
The curse skull is almost destroyed.
You block the jiangshi's attack. x2
The hog skeleton bites you but does no damage.
You block the spriggan defender simulacrum's attack.
The freezing wraith closely misses you. x2
You hit the curse skull but do no damage.
You blast the curse skull.
The curse skull is almost destroyed.
You block the jiangshi's attack. The jiangshi closely misses you.
You hit the curse skull but do no damage.
The curse skull is almost destroyed.
The jiangshi misses you.
The jiangshi claws you but does no damage.
The curse skull rattles its jaw.
You block the spriggan defender simulacrum's attack.
You block the hog skeleton's attack. The freezing wraith barely misses you.
You block the freezing wraith's attack.
You hit the curse skull but do no damage.
The curse skull is almost destroyed.
You block the spriggan defender simulacrum's attack.
You block the hog skeleton's attack.
You hit the curse skull but do no damage.
You blast the curse skull.
The curse skull is almost destroyed.
The curse skull calls on the powers of darkness!
Your body is wracked with pain!
* * * LOW HITPOINT WARNING * * *
The freezing wraith misses you. You block the freezing wraith's attack.
The spriggan defender simulacrum hits you!
* * * LOW HITPOINT WARNING * * *
The spriggan defender simulacrum freezes you!!
You resist.
You die...

# ..# ..# . #?.#
..#########+##..#
..$.............#
......W..W......#
.....M.WVZ......#
......Wz@Z......#
.########W......#
# #.......# ## .#
#.......#
#.######.#
#.####..#
........# #.#
#..# ........#
#.# #..# #......#
#.# #..# #......#
#.# #..#


You could see a jiangshi (summoned), a curse skull, a phantasmal warrior
(summoned), a freezing wraith (summoned), 2 wraiths, a shadow (summoned), a
mummy (summoned), a spriggan defender simulacrum (summoned) and a hog skeleton.

Vanquished Creatures
  2 juggernauts
  Frederick (Depths:3)
  Saint Roka (Orc:2)
  A caustic shrike (Depths:2)
  Bai Suzhen (Spider:4)
  Nikola (Elf:3)
  2 golden dragons
  2 doom hounds (Crypt:2)
  Jorgrun (Elf:1)
  3 tentacled monstrosities (Depths:2)
  A walking crystal tome (Depths:2)
  Mlioglotl (Lair:2)
  A walking earthen tome (Depths:4)
  5 liches
  2 deep elf master archers (Elf:3)
  3 deep elf blademasters (Elf:3)
  4 sphinxes
  10 ancient champions
  Kirke (Lair:5)
  A shadow dragon (shapeshifter) (Lair:5)
  4 tengu reavers
  3 storm dragons
  2 shadow dragons (Depths:4)
  2 thorn hunters
  Donald (Swamp:2)
  Aizul (Elf:1)
  2 revenants
  6 frost giants
  A fenstrider witch (Swamp:1)
  7 emperor scorpions
  2 iron dragons
  5 fire giants
  13 vault wardens
  3 imperial myrmidons (Desolation)
  9 deep elf sorcerers
  2 balrugs
  6 deep elf elementalists
  A draconian shifter (Depths:4)
  5 ghost moths
  2 orc warlords
  12 ghouls
  4 curse skulls
  9 ironbound preservers
  14 stone giants
  4 broodmothers (Spider:3)
  A formless jellyfish (shapeshifter) (Depths:2)
  15 ironbound thunderhulks
  3 formless jellyfish (Vaults:4)
  12 very ugly things
  A caustic shrike skeleton (Crypt:1)
  6 deep elf demonologists
  8 vampire knights
  A minotaur (Gauntlet)
  8 bunyips
  2 halazid warlocks (Desolation)
  12 deep elf annihilators
  4 eleionomae
  The ghost of SuperSeabass the Fighter, a journeyman OpSh of Uskayaw (Lair:3)
  2 red draconians (Depths:4)
  A white draconian (Depths:4)
  9 dire elephants
  10 spark wasps
  Snorg (D:10)
  2 crystal guardians
  4 eidola
  7 deep elf death magi
  12 fire dragons
  9 ettins
  2 shambling mangroves
  A quicksilver dragon zombie (Depths:1)
  11 ragged hierophants (Desolation)
  Josephine (Lair:2)
  8 jiangshi
  A quicksilver dragon skeleton (Crypt:2)
  17 vault guards
  7 deep elf high priests
  7 yaktaur captains
  2 caustic shrike simulacra (IceCv)
  4 rakshasas
  6 entropy weavers
  A jorogumo (Spider:4)
  7 great orbs of eyes
  A hell beast (Depths:3)
  7 peacekeepers
  An ogre mage (Orc:2)
  7 servants of whispers (Desolation)
  A fenstrider witch zombie (Crypt:2)
  10 centaur warriors
  17 hydras
  6 spriggan air magi
  12 ice dragons
  6 ironbound frosthearts
  A radroach (Spider:2)
  3 ghost crabs
  7 death knights
  8 alligators
  6 death yaks
  13 dancing weapons
  A fenstrider witch skeleton (Crypt:2)
  8 death scarabs
  4 tengu warriors
  9 boulder beetles
  7 two-headed ogres
  3 thrashing horrors (Lair:5)
  6 deep troll shamans
  10 demonic crawlers
  A bennu skeleton (Crypt:1)
  17 deep troll earth magi
  7 vampire magi
  3 orc high priests
  10 hell knights
  3 spriggan berserkers
  A titan skeleton (Crypt:2)
  14 deep elf knights
  8 iron trolls
  2 soul eaters
  Nergalle (Orc:2)
  6 pharaoh ants
  25 skeletal warriors
  A fire crab (Swamp:4)
  A skyshark (Lair:2)
  A death drake (Swamp:3)
  A swamp dragon (shapeshifter) (D:13)
  A quicksilver dragon simulacrum (Depths:3)
  12 orb spiders
  2 sun moths
  4 flayed ghosts
  4 goliath frogs
  48 deep trolls
  7 spriggan druids
  10 swamp dragons
  A spectral hydra (Swamp:3)
  12 bog bodies
  2 anaconda zombies (Crypt:1)
  A sea snake (shapeshifter) (Lair:5)
  21 deep elf archers
  3 spriggan simulacra
  An anaconda skeleton (Crypt:1)
  4 glowing orange brains
  A tengu zombie (Vaults:2)
  An obsidian statue (IceCv)
  3 wizards
  A spectral wolf spider (Spider:4)
  7 steelbarb worms
  15 necromancers
  6 orc knights
  15 ironbound convokers
  15 phantasmal warriors
  2 wolf spider zombies (Spider:4)
  11 lindwurms
  Pikel (D:7)
  26 deep elf pyromancers
  4 goliath frog zombies (Swamp:3)
  26 ugly things
  2 broodmother zombies (Spider:4)
  3 will-o-the-wisps
  15 deep elf zephyrmancers
  3 orc sorcerers (Orc:2)
  21 wolf spiders
  An alligator zombie (Swamp:3)
  2 cyclopes (D:12)
  A manticore (shapeshifter) (Vaults:4)
  A frost giant zombie (Depths:1)
  A salamander (Depths:1)
  2 stone giant zombies (D:15)
  2 manticores (D:15)
  A faun (shapeshifter) (D:15)
  9 elephants
  An eleionoma skeleton (Crypt:1)
  An iron dragon skeleton (D:15)
  9 moths of wrath
  13 black mambas
  18 vault sentinels
  A guardian serpent (Desolation)
  4 torpor snails
  13 cane toads
  3 smoke demons
  2 human skeletons
  Maggie (D:7)
  4 spectral redbacks (Spider:4)
  14 komodo dragons
  39 yaktaurs
  An efreet (D:15)
  3 kobold demonologists
  6 rime drakes
  22 freezing wraiths
  A redback zombie (Spider:4)
  Jeremiah (D:7)
  5 swamp worm zombies (Swamp:3)
  4 tengu conjurers
  2 anaconda simulacra (IceCv)
  2 golden dragon simulacra (IceCv)
  An unseen horror (D:11)
  A yellow draconian skeleton (Crypt:2)
  2 ice devils (IceCv)
  An unseen horror skeleton (Crypt:1)
  A troll (shapeshifter) (Elf:1)
  A queen bee (D:14)
  10 meliai
  8 tyrant leeches
  7 polar bears
  A raiju (Lair:5)
  13 trolls
  13 hornets
  Grinder (D:3)
  5 spectral culicivoras (Spider:4)
  A spectral tarantella (Spider:4)
  18 blink frogs (Lair:5)
  2 tarantella zombies (Spider:4)
  A harpy skeleton (Crypt:2)
  5 jumping spider zombies
  An ettin zombie (Crypt:2)
  43 saltlings (Desolation)
  3 alligator simulacra (IceCv)
  2 spectral jumping spiders (Spider:4)
  5 spectral swamp dragons (Swamp:3)
  10 dream sheep
  23 tarantellas
  A stone giant simulacrum (Crypt:1)
  A human simulacrum (Vaults:2)
  31 slime creatures
  A centaur simulacrum (D:14)
  20 culicivoras
  5 flying skulls
  A satyr skeleton (Crypt:2)
  3 air elementals
  5 water elementals
  13 spriggans
  28 jumping spiders
  A ynoxinul (Lair:5)
  6 wyverns
  4 dire elephant simulacra (IceCv)
  4 ettin skeletons
  A wind drake zombie (Crypt:1)
  2 steam dragons
  A vampire (D:13)
  19 wraiths
  A golden eye (shapeshifter) (D:14)
  An ice dragon skeleton (Crypt:1)
  A spriggan skeleton (Depths:1)
  49 yaks
  A fire elemental (Elf:1)
  A shadow (D:12)
  2 tyrant leech zombies (Swamp:3)
  4 fire bats (Swamp:4)
  12 basilisks
  4 hogs (Lair:5)
  58 redbacks
  2 minotaur simulacra (IceCv)
  2 chaos spawn (Lair:5)
  18 vampire mosquitoes
  A neqoxec (Depths:2)
  10 small abominations (Lair:5)
  A spectral cane toad (Gauntlet)
  5 large abominations
  9 wargs
  An acid dragon (D:11)
  3 harpy simulacra (IceCv)
  10 swamp worms
  2 hell hounds (Gauntlet)
  2 hydra simulacra (IceCv)
  21 water moccasins
  A floating eye (Depths:1)
  A naga skeleton (Crypt:1)
  35 orc warriors
  A hornet zombie (Crypt:3)
  A sky beast (D:8)
  3 black bears
  An ice beast (D:8)
  9 swamp drakes
  An ettin simulacrum (IceCv)
  13 ogres
  12 wolves
  4 boggarts (Vaults:2)
  7 centaurs
  A phantom (D:6)
  A blink frog skeleton (Crypt:3)
  A yaktaur zombie (Crypt:1)
  8 kobold brigands
  13 bullfrogs
  7 earth elementals
  2 gnoll sergeants
  6 scorpions
  2 necrophages (Crypt:1)
  6 wights
  2 troll zombies (Swamp:3)
  2 spriggan zombies (Swamp:3)
  4 lindwurm simulacra (IceCv)
  A queen bee zombie (Crypt:1)
  11 killer bees (D:14)
  7 howler monkeys
  3 hounds
  4 jellies
  A gnoll bouda (D:6)
  18 orc priests
  An iguana (D:6)
  29 orc wizards
  A hell rat (Lair:2)
  A boggart skeleton (Crypt:2)
  An acid dragon zombie (Crypt:1)
  17 gnolls
  A swamp drake zombie (Crypt:2)
  7 adders
  4 shadow imps
  6 white imps
  An ufetubus (D:4)
  An adder zombie (Crypt:2)
  A dart slug (D:3)
  96 orcs
  6 ball pythons
  7 bats
  9 endoplasms
  4 giant cockroaches
  5 goblins
  8 hobgoblins
  A jackal (D:1)
  21 kobolds
  2 quokkas
  5 frilled lizards
  12 rats
2110 creatures vanquished.

Vanquished Creatures (collateral kills)
  Grunn (Crypt:2)
  An eidolon (Crypt:2)
  A jiangshi (Crypt:2)
  A catoblepas (Lair:2)
  A soul eater (Crypt:2)
  A skeletal warrior (Crypt:2)
  A flayed ghost (Crypt:2)
  An ironbound convoker (Desolation)
  A black mamba (Lair:2)
  A dire elephant skeleton (Crypt:2)
  2 polar bears (Lair:2)
  A bloated husk (Swamp:2)
  4 saltlings (Desolation)
  A wyvern (Lair:2)
  A vampire mosquito (D:11)
  2 water moccasins (Lair:2)
  A killer bee (D:8)
  A hell rat (Lair:2)
23 creatures vanquished.

Vanquished Creatures (others)
  A draconian stormcaller (Depths:4)
  A servant of whispers (Desolation)
  A hydra (Lair:2)
  A dancing weapon (Elf:1)
  A pharaoh ant (Spider:4)
  A lindwurm (Lair:2)
  A rime drake (Lair:2)
  2 bloated husks
  A hornet (Swamp:3)
  A spriggan (Swamp:3)
  A yak (D:9)
  A steam dragon (Swamp:4)
  2 orc warriors (D:8)
  3 swamp drakes (Swamp:4)
  An orc wizard (Orc:2)
  An ufetubus (D:7)
  16 foxfires
36 creatures vanquished.

Grand Total: 2169 creatures vanquished

Notes
Turn   | Place    | Note
-------+----------+-------------------------------------------
     0 | D:1      | questionabletactics the Barachi Cinder Acolyte began the
                  | quest for the Orb.
     0 | D:1      | Reached XP level 1. HP: 18/18 MP: 2/2
    90 | D:1      | Reached skill level 1 in Stealth
   239 | D:1      | Reached XP level 2. HP: 24/24 MP: 3/3
   242 | D:1      | Learned a level 2 spell: Scorch
   510 | D:1      | Reached skill level 1 in Dodging
   598 | D:1      | Found a faded altar of an unknown god.
   604 | D:1      | Reached XP level 3. HP: 29/29 MP: 1/4
  1734 | D:3      | Noticed Grinder
  1777 | D:4      | Reached skill level 5 in Long Blades
  1777 | D:4      | Reached XP level 4. HP: 36/36 MP: 2/5
  1962 | D:4      | Reached skill level 1 in Armour
  2144 | D:3      | Found a hazy altar of Hepliaklqana.
  2191 | D:3      | Found a snail-covered altar of Cheibriados.
  2240 | D:3      | Found a white marble altar of Elyvilon.
  2703 | D:4      | Noticed an ogre
  2737 | D:4      | Reached XP level 5. HP: 41/41 MP: 1/6
  2888 | D:4      | Learned a level 4 spell: Sticky Flame
  2895 | D:4      | Found a sacrificial altar of Ru.
  3158 | D:4      | Noticed a black bear
  3170 | D:4      | Reached skill level 1 in Conjurations
  3171 | D:5      | Entered Level 5 of the Dungeon
  3171 | D:5      | Found a staircase to the Ecumenical Temple.
  3183 | D:5      | Reached skill level 4 in Fire Magic
  3323 | D:5      | Found an ancient bone altar of Kikubaaqudgha.
  3328 | D:5      | Reached XP level 6. HP: 47/47 MP: 2/7
  3372 | D:5      | Identified the +9 chain mail of Xudok {rPois Str-3 Slay+5}
  3408 | D:5      | Reached skill level 5 in Fire Magic
  3437 | D:5      | Reached XP level 7. HP: 37/52 MP: 0/8
  3534 | D:5      | Found a glowing drain.
  3544 | Sewer    | Entered a sewer
  3701 | Sewer    | Reached skill level 6 in Fire Magic
  4253 | D:5      | Reached XP level 8. HP: 55/59 MP: 11/11
  4424 | D:5      | Reached skill level 7 in Fire Magic
  5926 | D:6      | Reached skill level 1 in Evocations
  5984 | D:6      | Reached skill level 8 in Fire Magic
  6516 | D:6      | Reached XP level 9. HP: 66/66 MP: 10/15
  6879 | D:6      | Reached skill level 5 in Fighting
  7484 | D:7      | Noticed Jeremiah
  7492 | D:7      | Killed Jeremiah
  7598 | D:7      | Reached skill level 1 in Polearms
  7640 | D:7      | Reached skill level 5 in Dodging
  7734 | D:7      | Noticed Pikel
  7756 | D:7      | Killed Pikel
  8235 | D:7      | Noticed Maggie
  8258 | D:7      | Killed Maggie
  8259 | D:7      | Reached XP level 10. HP: 44/74 MP: 1/16
  8396 | D:7      | Found an ornate altar of the Wu Jian Council.
  8710 | D:8      | Reached skill level 5 in Polearms
  8811 | D:8      | You fall into a shaft and drop 3 floors!
  9047 | D:10     | Entered Level 10 of the Dungeon
  9047 | D:10     | Noticed Snorg
  9235 | D:11     | Noticed a boulder beetle
  9472 | D:11     | Killed a boulder beetle
  9544 | D:11     | Noticed a boulder beetle
  9596 | D:11     | Noticed an unseen horror
  9601 | D:11     | Killed an unseen horror
  9630 | D:11     | Noticed a kobold demonologist
  9867 | D:8      | Identified the +3 chain mail of Jyrur {Will+}
 10825 | D:9      | Noticed a two-headed ogre
 10831 | D:9      | Killed a two-headed ogre
 10832 | D:9      | Reached skill level 10 in Dodging
 10832 | D:9      | Reached XP level 11. HP: 84/84 MP: 8/17
 10977 | D:9      | Noticed a two-headed ogre
 10991 | D:9      | Killed a two-headed ogre
 11290 | D:9      | Got a sooty book
 11752 | D:9      | Reached skill level 5 in Shields
 12450 | D:9      | Reached skill level 9 in Fire Magic
 12745 | D:9      | Reached skill level 5 in Conjurations
 12982 | D:10     | Noticed a two-headed ogre
 12987 | D:10     | Killed a two-headed ogre
 13050 | D:10     | Found a staircase to the Orcish Mines.
 13071 | D:10     | Noticed a two-headed ogre
 13087 | D:10     | Killed a two-headed ogre
 13457 | D:10     | Reached XP level 12. HP: 91/91 MP: 16/19
 13522 | D:10     | Noticed a two-headed ogre
 13530 | D:10     | Killed a two-headed ogre
 13531 | D:10     | Reached skill level 5 in Spellcasting
 13999 | D:11     | Killed a boulder beetle
 14482 | D:11     | Found a staircase to the Lair.
 14868 | Lair:1   | Entered Level 1 of the Lair of Beasts
 15439 | Lair:1   | Reached skill level 5 in Evocations
 16119 | Lair:2   | Found a staircase to the Swamp.
 16174 | Lair:2   | Found a hole to the Spider Nest.
 16490 | Lair:2   | Noticed a death yak
 16490 | Lair:2   | Noticed a death yak
 16490 | Lair:2   | Noticed a death yak
 16490 | Lair:2   | Noticed a five-headed hydra
 16521 | Lair:2   | Noticed a six-headed hydra
 16521 | Lair:2   | Noticed a catoblepas
 16535 | Lair:2   | Killed a catoblepas
 16569 | Lair:2   | Noticed a skyshark
 16573 | Lair:2   | Reached skill level 10 in Fighting
 16700 | Lair:2   | Learned a level 5 spell: Fireball
 16782 | Lair:2   | Gained mutation: You can hop long distances. [Barachi
                  | growth]
 16782 | Lair:2   | Reached XP level 13. HP: 103/103 MP: 15/20
 16798 | Lair:2   | Reached skill level 10 in Fire Magic
 16913 | Lair:2   | Identified the +2 mace "Peolis" {freeze, Fragile rC+ Dex+7
                  | Stlth+}
 17270 | Lair:2   | Identified the +1 falchion "Umires" {holy, rN+ rCorr Dex-5}
 17432 | Lair:2   | Reached skill level 11 in Fire Magic
 18963 | Lair:3   | Got a conspicuous book
 18995 | Lair:3   | Noticed SuperSeabass's ghost (journeyman OpSh)
 18999 | Lair:3   | Found a transporter.
 19008 | Lair:3   | Found a bloodstained altar of Trog.
 19008 | Lair:3   | Found the amulet of Vitality {RegenMP++ Regen++}
 19016 | Lair:3   | Found a transporter.
 19075 | Lair:3   | Reached skill level 5 in Armour
 19265 | Lair:3   | Reached skill level 12 in Fire Magic
 19529 | Lair:3   | Reached skill level 10 in Shields
 20211 | Lair:4   | Reached XP level 14. HP: 105/110 MP: 9/21
 20395 | Lair:4   | Found the +7 Spriggan's Knife {stab, EV+4 Stlth+}
 20596 | Lair:4   | Found a runed translucent door.
 20596 | Lair:4   | Found a viscous altar of Jiyva.
 20597 | Lair:4   | Found a staircase to the Slime Pits.
 20806 | Lair:5   | Entered Level 5 of the Lair of Beasts
 21370 | Lair:5   | Noticed Sonja
 21375 | Lair:5   | Sonja changed into Sonja the meliai
 21375 | Lair:5   | Noticed Sonja
 21380 | Lair:5   | Killed Sonja the meliai
 22023 | Lair:5   | Noticed Kirke
 22575 | Lair:5   | Killed Kirke
 23886 | Lair:2   | Identified the +5 scale mail of Xyfev {rN+}
 24158 | D:11     | Found a burning altar of Makhleb.
 24281 | D:12     | Found a gate leading to a gauntlet.
 24326 | Gauntlet | Entered a Gauntlet
 24326 | Gauntlet | Found a transporter.
 24326 | Gauntlet | Found a transporter.
 24326 | Gauntlet | Found a transporter.
 24408 | Gauntlet | Found a transporter.
 24408 | Gauntlet | Found a transporter.
 24410 | Gauntlet | Found a transporter.
 24418 | Gauntlet | Found a transporter.
 24419 | Gauntlet | Found a transporter.
 24421 | Gauntlet | Found a large runed translucent door.
 24421 | Gauntlet | Found a transporter.
 24422 | Gauntlet | Found a transporter.
 24422 | Gauntlet | Found a large runed translucent door.
 24423 | Gauntlet | Found a large runed translucent door.
 24423 | Gauntlet | Found a large runed translucent door.
 24423 | Gauntlet | Found a runed translucent door.
 24423 | Gauntlet | Found a runed translucent door.
 24424 | Gauntlet | Found a large runed translucent door.
 24425 | Gauntlet | Found a large runed translucent door.
 24426 | Gauntlet | Found a large runed translucent door.
 24426 | Gauntlet | Found a large runed translucent door.
 24427 | Gauntlet | Found a runed translucent gate.
 24427 | Gauntlet | Found a runed translucent gate.
 24427 | Gauntlet | Found a runed translucent gate.
 24429 | Gauntlet | Found a transporter.
 24429 | Gauntlet | Found a transporter.
 24429 | Gauntlet | Noticed a balrug
 24437 | Gauntlet | Found a large runed translucent door.
 24437 | Gauntlet | Found a large runed translucent door.
 24437 | Gauntlet | Found a large runed translucent door.
 24437 | Gauntlet | Found a large runed translucent door.
 24439 | Gauntlet | Found a large runed translucent door.
 24439 | Gauntlet | Found a large runed translucent door.
 24440 | Gauntlet | Found a large runed translucent door.
 24440 | Gauntlet | Found a large runed translucent door.
 24777 | Gauntlet | Identified the amulet "Ficoxaj" {Acrobat Rampage rCorr
                  | Str+2}
 24833 | Gauntlet | Identified the ring of Paetau {Fire rN+}
 24872 | Gauntlet | Killed a balrug
 25017 | Gauntlet | Identified the +1 troll leather armour of Okawaru's
                  | Inspiration {rF+ Regen+ Slay+2}
 25057 | Gauntlet | Identified the amulet of the Meager God {Regen+ Str+3
                  | Dex+2}
 26179 | D:13     | Noticed Nessos
 26181 | D:13     | Nessos changed into Nessos the glowing shapeshifter
 26181 | D:13     | Noticed Nessos
 26182 | D:13     | Nessos the glowing shapeshifter changed into Nessos the
                  | wolf spider
 26182 | D:13     | Noticed Nessos (glowing shapeshifter)
 26183 | D:13     | Nessos the wolf spider changed into Nessos the shining eye
 26183 | D:13     | Noticed Nessos (glowing shapeshifter)
 26184 | D:13     | Nessos the shining eye changed into Nessos the glowing
                  | shapeshifter
 26184 | D:13     | Noticed Nessos (glowing shapeshifter)
 26184 | D:13     | Nessos the glowing shapeshifter changed into Nessos the
                  | swamp dragon
 26184 | D:13     | Noticed Nessos (glowing shapeshifter)
 26191 | D:13     | Killed Nessos the swamp dragon
 26192 | D:13     | Reached skill level 13 in Fire Magic
 26376 | D:13     | Reached XP level 15. HP: 120/120 MP: 15/22
 26901 | D:13     | Learned a level 3 spell: Mephitic Cloud
 26905 | D:13     | Learned a level 3 spell: Ignite Poison
 26930 | D:13     | Found a gate to the Vaults.
 26940 | D:13     | Reached skill level 1 in Poison Magic
 27159 | D:13     | Identified the +1 scale mail "Huorues" {Dex+3 SInv}
 27180 | D:13     | Got a clothbound book
 27493 | D:10     | Killed Snorg
 27547 | Orc:1    | Entered Level 1 of the Orcish Mines
 28006 | Orc:2    | Entered Level 2 of the Orcish Mines
 28158 | Orc:2    | Paralysed by an ogre mage for 4 turns
 28486 | Orc:2    | Found a staircase to the Elven Halls.
 29217 | Orc:2    | Noticed Nergalle
 29379 | Orc:2    | Killed Nergalle
 29793 | Orc:2    | Paralysed by an orc sorcerer for 3 turns
 29873 | Orc:2    | Noticed an orc warlord
 30115 | Orc:2    | Noticed Saint Roka
 30139 | Orc:2    | Killed Saint Roka
 30140 | Orc:2    | Reached skill level 10 in Evocations
 30432 | Orc:2    | Killed an orc warlord
 30716 | Orc:2    | Found Kurezeera's Jewellery Boutique.
 30840 | Orc:2    | Found Kopt's Antique Weapon Boutique.
 30855 | Orc:2    | Found Iwimeot's General Store.
 30869 | Orc:2    | Found Zeogu's Antique Armour Boutique.
 31099 | D:3      | Killed Grinder
 31584 | Lair:2   | Reached skill level 14 in Fire Magic
 32237 | Lair:5   | Reached XP level 16. HP: 75/127 MP: 17/27
 32637 | Lair:5   | Identified the +8 chain mail of the Harvest {rElec Stlth+}
 32744 | Lair:5   | an iron troll changed into a shadow dragon
 32744 | Lair:5   | Noticed a shadow dragon (shapeshifter)
 32747 | Lair:5   | Killed a shadow dragon
 32917 | Lair:5   | Reached skill level 1 in Staves
 33018 | Lair:5   | Found a corrupted altar of Lugonu.
 33018 | Lair:5   | Found a one-way gate to the infinite horrors of the Abyss.
 33020 | Lair:5   | Found the +3 crown of Dyrovepreva {rElec Int+2 SInv}
 33040 | Lair:5   | Identified the +7 dire flail "Ufod" {heavy, *Corrode rElec
                  | Str+9}
 33307 | Lair:3   | Killed SuperSeabass's ghost
 33813 | D:14     | Reached skill level 5 in Staves
 34484 | D:15     | Entered Level 15 of the Dungeon
 34605 | D:15     | Found Roqin's Antique Armour Shoppe.
 34611 | D:15     | Bought a runed helmet for 180 gold pieces
 34614 | D:15     | Bought a pair of glowing boots for 180 gold pieces
 34963 | D:15     | Found a staircase to the Depths.
 35372 | D:15     | Found a hide-covered altar of Uskayaw.
 35624 | D:15     | Reached skill level 10 in Staves
 35872 | Swamp:1  | Entered Level 1 of the Swamp
 36054 | Swamp:1  | Noticed Josephine
 36080 | Lair:2   | Killed Josephine
 36452 | Swamp:1  | Reached XP level 17. HP: 127/133 MP: 28/28
 36868 | Swamp:2  | Paralysed by a fenstrider witch for 2 turns
 37175 | Swamp:2  | Noticed Donald
 37189 | Swamp:2  | Killed Donald
 37603 | Swamp:2  | Reached skill level 15 in Fire Magic
 39227 | Swamp:4  | Entered Level 4 of the Swamp
 39496 | Swamp:3  | Reached skill level 10 in Spellcasting
 39580 | Swamp:4  | Reached XP level 18. HP: 114/147 MP: 32/32
 39903 | Swamp:4  | Reached skill level 10 in Armour
 40294 | Swamp:4  | Got a decaying rune of Zot
 40401 | Spider:1 | Entered Level 1 of the Spider Nest
 40401 | Spider:1 | Noticed Mlioglotl
 40573 | Elf:1    | Entered Level 1 of the Elven Halls
 41364 | Elf:1    | Noticed Jorgrun
 41379 | Elf:1    | Killed Jorgrun
 41499 | Elf:1    | Paralysed by an air elemental for 1 turns
 41522 | Elf:1    | Noticed Aizul
 41548 | Elf:1    | Found Ridoenu's Book Boutique.
 41626 | Elf:1    | Killed Aizul
 41957 | Elf:1    | Identified the +2 leather armour "Gohiu" {-Cast +Inv Regen+
                  | Dex+5 SInv}
 41988 | Elf:1    | Found Taapan's Jewellery Shoppe.
 42023 | Elf:1    | Found Bucoexum's Jewellery Shoppe.
 42693 | Elf:1    | Noticed a Tzitzimitl
 42757 | Elf:1    | Found a runed translucent gate.
 42757 | Elf:1    | Found a runed translucent gate.
 42757 | Elf:1    | Found a runed translucent gate.
 42757 | Elf:1    | Found a runed translucent gate.
 42757 | Elf:1    | Found a runed translucent gate.
 42758 | Elf:1    | Found a runed translucent gate.
 42970 | Elf:2    | Found a crumbling gateway.
 42977 | Desolati | Entered the Desolation of Salt
 43441 | Desolati | Identified the ring "Liahosm" {rF+ Str+3}
 43659 | Desolati | Identified the ring of Wuulis {Fire *Slow rPois Str+5}
 43668 | Desolati | Identified the staff "Enootor" {rElec rC+ SInv Ice Earth}
 43671 | Desolati | Identified the +6 scale mail "Icserez" {Regen+ Str+6 Dex+3}
 43673 | Desolati | Identified the +9 demon blade of Alimoar {drain, rElec
                  | rC+++ Str-5 Stlth+}
 43894 | Desolati | Reached skill level 16 in Fire Magic
 43918 | Desolati | Reached XP level 19. HP: 153/153 MP: 29/33
 44108 | Desolati | Got an illuminated book
 44114 | Desolati | Identified the ring of Disaster {rPois rN+++ EV+5 Int-5
                  | Dex-3}
 44278 | Desolati | Identified the ring "Wufy" {Wiz Int+5 Stlth+}
 45134 | Desolati | Got a vellum book
 45142 | Desolati | Learned a level 6 spell: Starburst
 45142 | Desolati | Identified the +2 glaive of the Traitor {freeze, rPois}
 45631 | Vaults:1 | Entered Level 1 of the Vaults
 46215 | Vaults:1 | Found a gateway to a bazaar.
 46869 | Bazaar   | Entered a bazaar
 46869 | Bazaar   | Found Mysoeco's Antique Armour Boutique.
 46869 | Bazaar   | Found Hunuifou's Magic Scroll Boutique.
 46874 | Bazaar   | Bought a scroll of blinking for 105 gold pieces
 46874 | Bazaar   | Bought 3 scrolls of teleportation for 126 gold pieces
 46899 | Bazaar   | Found Zitriot's Antique Armour Shop.
 46907 | Bazaar   | Bought a bloodstained cloak for 180 gold pieces
 46907 | Bazaar   | Identified the +0 cloak of Red Liberty {Harm Will+ Int+3
                  | SInv} (You bought it in a shop in a bazaar)
 46907 | Bazaar   | Found Senwuinula's Armour Shop.
 46916 | Bazaar   | Found Lisix's Armour Shoppe.
 46947 | Bazaar   | Bought a jewelled scale mail for 171 gold pieces
 46947 | Bazaar   | Identified the +0 scale mail of the Rescuing Gods {Rampage
                  | Drain rN+++} (You bought it in a shop in a bazaar)
 46961 | Bazaar   | Bought a scroll of fear for 56 gold pieces
 46971 | Bazaar   | Bought a heavily runed chain mail for 256 gold pieces
 46971 | Bazaar   | Identified the +7 chain mail "Kacs" {Int+5} (You bought it
                  | in a shop in a bazaar)
 47195 | Vaults:2 | Reached skill level 15 in Dodging
 47612 | Vaults:2 | Reached skill level 17 in Fire Magic
 48203 | Vaults:2 | Reached XP level 20. HP: 143/160 MP: 11/34
 49082 | Vaults:3 | Reached skill level 18 in Fire Magic
 49455 | Vaults:3 | Reached skill level 15 in Fighting
 50057 | Vaults:3 | Found a staircase to the Crypt.
 50275 | Vaults:3 | Paralysed by a great orb of eyes for 4 turns
 51099 | Vaults:4 | Found Wytefy's General Store.
 51132 | Vaults:4 | Reached skill level 19 in Fire Magic
 51183 | Vaults:4 | Paralysed by a formless jellyfish for 1 turns
 51410 | Vaults:4 | Learned a level 8 spell: Ignition
 51649 | Vaults:4 | Reached XP level 21. HP: 172/172 MP: 16/35
 52136 | Vaults:4 | Learned a level 2 spell: Blink
 52659 | Lair:2   | Killed Mlioglotl
 52660 | Lair:2   | Reached skill level 10 in Conjurations
 52808 | Spider:1 | Reached skill level 20 in Fire Magic
 54262 | Spider:2 | You fall into a shaft and drop 1 floor!
 55056 | Spider:3 | Reached skill level 21 in Fire Magic
 55102 | Spider:3 | Identified the +8 spear "Earthworm" {venom, rF+ rCorr MP+9
                  | Dex-5}
 55346 | Spider:3 | Identified the +6 trident "Glorpo" {flame, Int+2}
 55515 | Spider:4 | Entered Level 4 of the Spider Nest
 55652 | Spider:4 | Reached XP level 22. HP: 156/179 MP: 36/36
 55714 | Spider:4 | Found a frozen archway.
 55732 | IceCv    | Entered an ice cave
 56257 | IceCv    | Reached skill level 15 in Armour
 56373 | IceCv    | Found an ancient bone altar of Kikubaaqudgha.
 56600 | Spider:4 | Found a runed translucent door.
 56602 | Spider:4 | Found a shimmering altar of Xom.
 56602 | Spider:4 | Noticed Icietuah's ghost (journeyman FeWn)
 56614 | Spider:4 | Noticed Bai Suzhen
 56636 | Spider:4 | Killed Bai Suzhen
 56749 | Spider:4 | Identified the +1 short sword of Anguish {pain, rElec rPois
                  | Str+3 Int-2}
 57234 | Spider:4 | Paralysed by a jorogumo for 2 turns
 57397 | Spider:4 | Reached skill level 22 in Fire Magic
 57456 | Spider:4 | Got a gossamer rune of Zot
 57932 | Elf:2    | Paralysed by an air elemental for 1 turns
 58121 | Elf:2    | Found Saulats's Book Emporium.
 58483 | Elf:2    | Found a runed translucent gate.
 58484 | Elf:2    | Found a runed translucent gate.
 58484 | Elf:2    | Found a runed translucent gate.
 58586 | Elf:3    | Entered Level 3 of the Elven Halls
 58952 | Elf:3    | Reached XP level 23. HP: 171/187 MP: 21/39
 58996 | Elf:3    | Noticed Nikola
 59031 | Elf:3    | Killed Nikola
 59446 | Elf:3    | Identified the ring "Ryixiuka" {rF+ rC- rN+ Stlth+}
 59561 | Elf:3    | Identified the amulet of Opnifika {Reflect Int+3 Dex+3
                  | SH+5}
 59596 | Elf:3    | Identified the +3 broad axe "Yceonyr" {drain, rElec rC+
                  | Int+3 Dex+2 Stlth-}
 59601 | Elf:3    | Found the brooch of Shielding {Spirit SH+8}
 59632 | Elf:3    | Identified the ring "Caq List" {rF++ Dex-3 SInv}
 59666 | Elf:3    | Identified the +5 ring mail of the Known World {MP+9}
 59684 | Elf:3    | Identified the ring "Weuh" {Ice rCorr Str-3 SInv}
 59699 | Elf:3    | Identified the +6 sling "Hiun" {freeze, *Corrode rElec
                  | rPois Stlth+}
 59724 | Elf:3    | Identified the +0 plate armour "Qocexog" {Will+}
 59731 | Elf:3    | Identified the ring of Vetot {Str+3 Slay+4 Stlth+}
 59734 | Elf:3    | Identified the ring "Peysok" {Ice Drain rElec Dex+4 Slay+3}
 60090 | Depths:1 | Entered Level 1 of the Depths
 60214 | Depths:1 | Found a gateway to Hell.
 60766 | Depths:1 | Identified a scroll of acquirement
 60777 | Depths:1 | Acquired the +0 pair of gloves of Tomorrow {Rampage rF+ rC+
                  | Str-2}
 61263 | Depths:2 | Found a one-way gate leading to the halls of Pandemonium.
 61503 | Depths:2 | Reached skill level 15 in Evocations
 61779 | Depths:2 | Found a shimmering altar of Xom.
 62208 | Depths:2 | Noticed a caustic shrike
 62252 | Depths:2 | Killed a caustic shrike
 62463 | Depths:2 | Reached XP level 24. HP: 191/196 MP: 33/39
 62577 | Depths:2 | Found a runed translucent door.
 63510 | Depths:3 | Noticed a juggernaut
 63515 | Depths:3 | Killed a juggernaut
 64010 | Depths:3 | Noticed Frederick
 64017 | Depths:3 | Killed Frederick
 64486 | Depths:4 | Entered Level 4 of the Depths
 64493 | Depths:4 | Found a one-way gateway to a ziggurat.
 64749 | Depths:3 | Reached skill level 15 in Shields
 64979 | Depths:4 | Found Laschisue's Armour Emporium.
 64982 | Depths:4 | Found Cilinn's Jewellery Shoppe.
 65150 | Depths:4 | Noticed a juggernaut
 65162 | Depths:4 | Killed a juggernaut
 65448 | Depths:4 | Found a runed translucent gate.
 65449 | Depths:4 | Found a runed translucent gate.
 65451 | Depths:4 | Found a runed translucent gate.
 65451 | Depths:4 | Noticed Zeph's ghost (adept NaFi)
 65451 | Depths:4 | Noticed Janeylunn's ghost (veteran GnWn)
 65451 | Depths:4 | Noticed Biwanos's ghost (adept MiFi)
 65453 | Depths:4 | Noticed Camaan's ghost (adept DgCj)
 65453 | Depths:4 | Noticed Kurtz's ghost (veteran OpFi)
 65516 | Depths:4 | Found a gate to the Realm of Zot.
 65866 | Crypt:1  | Entered Level 1 of the Crypt
 65882 | Crypt:1  | Reached skill level 1 in Translocations
 65928 | Crypt:1  | Reached XP level 25. HP: 185/204 MP: 23/39
 66900 | Crypt:1  | Reached skill level 15 in Conjurations
 67360 | Crypt:1  | HP: 10/204 [??? (5)]
 67925 | Crypt:2  | Noticed Grunn
 67944 | Crypt:2  | Killed Grunn
 69191 | Crypt:3  | Entered Level 3 of the Crypt
 69353 | Crypt:3  | Slain by a spriggan defender simulacrum

Illustrated notes

Levels and vault maps discovered:
D:1:      erik_arrival_cave_to_civilisation [erik_arrival_cave_to_hall],
          layout_basic, hellmonk_ecumenical_altar_blasted
D:2:      layout_rooms
D:3:      layout_basic, elyvilon_altar_5, mainiacjoe_overflow_catch_the_wave,
          uniq_grinder
D:4:      layout_layer_cave, kennysheep_mini_moat, serial_demonic,
          serial_demonic_a, serial_demonic_b, serial_demonic_c,
          serial_demonic_f, lemuel_flame_loot_1
D:5:      layout_loops_ring, kiku_gazebo_garden_becter,
          minmay_temple_entry_large_hall, portal_sewer_entry_d,
          dk_noncrumbling_4
D:6:      layout_basic
D:7:      layout_loops_corners, pdpol_wu_jian_five_deadly_venoms, uniq_pikel,
          uniq_maggie, uniq_jeremiah
D:8:      minmay_four_partial_circles, layout_basic
D:9:      kennysheep_blocky_hall, layout_basic, minmay_quadrilaterals
D:10:     layout_roguey, orc_0_dummy, uniq_snorg
D:11:     layout_irregular_city, erik_lair_dragon, demons_altar
D:12:     layout_basic, gauntlet_entry_generic
D:13:     layout_gridville, erik_vaults_2, uniq_nessos
D:14:     layout_basic, kennysheep_cross_bottleneck,
          nicolae_looking_at_the_future
D:15:     gammafunk_depths_entry_grave, layout_gridville,
          nicolae_uskayaw_murder_on_the_dancefloor, serial_shops,
          nicolae_shop_competitors_out_of_business
Lair:1:   layout_small_grid, minivault_23, hangedman_lair_generics_rect,
          lemuel_fruit_fields, serial_bayou_shore_b
Lair:2:   nzn_winding_woodlands_large [nzn_winding_woodlands_5x5_checkerboard,
          nzn_winding_woodlands_5x15_eye, nzn_winding_woodlands_5x5_closed_star,
          nzn_winding_woodlands_center_garden,
          nzn_winding_woodlands_15x15_killbox,
          nzn_winding_woodlands_center_pierced_h,
          nzn_winding_woodlands_5x5_perimeter, nzn_winding_woodlands_5x15_pool,
          nzn_winding_woodlands_5x5_open_star], layout_small_grid, swamp_mist,
          dummy_spider_entry, hibernation_bobbens
Lair:3:   layout_roguey, gammafunk_ghost_wrathful_warriors, grunt_megastairs_3
Lair:4:   layout_roguey, slime_entry_2
Lair:5:   hellmonk_lair_end_abyssal_woods, layout_loops_ring, uniq_sonja,
          uniq_kirke
Swamp:1:  layout_falls_marsh, nicolae_swamp_big_swirl,
          nicolae_swamp_bloodsuckers_inc, uniq_josephine
Swamp:2:  layout_basic_swamp, evilmike_swamp_ruin_house_5, uniq_donald
Swamp:3:  cheibrodos_swamp_mausoleum, layout_basic_swamp,
          infiniplex_staircase_pool_2
Swamp:4:  swamp_fiery, layout_basic_swamp, swamp_pool3
Spider:1: layout_spider_delve, nicolae_spider_moth_buddies, uniq_mlioglotl
Spider:2: nicolae_spider_corner
Spider:3: nicolae_spider_brood_tunnel, guppyfry_spider_mini_1,
          nicolae_spider_cling_halls
Spider:4: floodkiller_spider_rune_tomb, portal_ice_cave_entry_dragon,
          ebering_ghost_xom, uniq_bai_suzhen
Orc:1:    layout_caves
Orc:2:    grunt_orc_cross, layout_diamond_mine, mines2_david, uniq_saint_roka
Elf:1:    elf_arrival_002, layout_rooms, orc_legates, minmay_crystal_room,
          minmay_shop_grove, uniq_aizul, uniq_jorgrun
Elf:2:    nicolae_elf_blades_crystal_corner, layout_loops_cross,
          portal_desolation_entry_ruin, serial_shops, nicolae_shop_statue_plus,
          roderic_roman_lattice
Elf:3:    minmay_elf_hall_hex, layout_geoelf_grid, uniq_nikola
Vaults:1: nicolae_vaults_shelves_hall, nicolae_vaults_heart-shaped_vault,
          nicolae_vaults_trapezoid_lopsided_4, v_pattern_1,
          nicolae_vaults_little_squares_4, nicolae_vaults_ring_of_whatevers,
          vaults_room_hallway, v_misc_24, layout_vaults_quadrants, serial_shops,
          freezing_bzr
Vaults:2: nicolae_vaults_closet_pinwheel_6, hangedman_vaults_cutoff,
          nicolae_vaults_inception_scallops, v_misc_9, st_more_cells,
          nicolae_vaults_what_the_h, ontoclasm_vaults_fault,
          nicolae_vaults_closet_pinwheel_1, vaults_mumra_lcd,
          vaults_room_door_ring, vaults_dpeg_encased_lava,
          ontoclasm_vaults_ring_square, ontoclasm_vaults_ring_small,
          nicolae_vaults_diamond_2, nicolae_vaults_tetromino_Z_1,
          layout_vaults_ring
Vaults:3: nicolae_vaults_heist, v_misc_10, nicolae_vaults_tangram_1,
          vaults_dpeg_diagonal, nicolae_vaults_tangram_2,
          ontoclasm_vaults_ring_square, v_alt_pattern_6, v_misc_22,
          vaults_room_boxed, vaults_room_semicircle, nicolae_vaults_theta,
          v_misc_28, nicolae_vaults_two_Ls, nicolae_vaults_little_ls,
          minmay_crypt_entry_simple_sparse, nicolae_vaults_trapezoid_layered,
          layout_vaults_big_cross, serial_glass
Vaults:4: nicolae_vaults_closet_pinwheel_1, ontoclasm_vaults_gateway,
          nicolae_vaults_house_2, nicolae_vaults_steering_wheel,
          nicolae_vaults_diagonal_hallway_7, nicolae_vaults_surprise_closet,
          nicolae_vaults_sesquioval_fish, dpeg_vaults_monster_row,
          nicolae_vaults_shipping_containers_4, nicolae_vaults_six-pack,
          v_misc_8, nicolae_vaults_layer_cake_slice, layout_vaults_omnibox,
          serial_shops, shop, uniq_margery
Crypt:1:  layout_misc_corridors, evilmike_ambush [evilmike_ambush_outer_pillars,
          evilmike_ambush_inner_basic], grunt_crypt_arrival_webbed,
          grunt_megastairs_4
Crypt:2:  layout_catacombs, uniq_grunn
Crypt:3:  lightli_unholy_cathedral, layout_chaotic_city,
          tomb_entry_sphere_bobbens
Depths:1: layout_cave_shapes, hell_entry, nicolae_lava_and_water,
          minmay_misc_feat_encased, grunt_decor_mini_mirrors,
          kennysheep_four_rooms, grunt_megastairs_1
Depths:2: minmay_the_grid_triangle_9x9_rhombus_full_mashed
          [minmay_the_grid_triangle_9x9_windchime,
          minmay_the_grid_triangle_9x9_semitri,
          minmay_the_grid_triangle_9x9_cache,
          minmay_the_grid_triangle_9x9_zippers_vertical,
          minmay_the_grid_triangle_9x9_warning,
          minmay_the_grid_triangle_9x9_odd_lines,
          minmay_the_grid_triangle_9x9_subtriangle,
          minmay_the_grid_triangle_9x9_prize_top_heavy], layout_cave_pools,
          xom_teletrap_fun, rand_demon_pan_entry_7, hell_entry
Depths:3: grunt_deathspiral_large, layout_gridlike, grunt_mini_vestibule,
          glass_columns_c, abyss_entry_crystal, drop_trap, uniq_frederick
Depths:4: evilmike_zot_entry_diamond, layout_twisted_cross, enter_ziggurat_f,
          hell_entry, kennysheep_pointless_box, gammafunk_ghost_cemetery,
          minmay_shoptagon

Skill      XL: |  1  2  3  4  5  6  7  8  9 10 11 12 13 14 15 16 17 18 19 20 21 22 23 24 25 |
---------------+----------------------------------------------------------------------------+-----
Stealth        | 1 |  1.5
Dodging        | 1 2 7 10 11 12 13 14 15 16 17 19 | 19.7
Long Blades    | 4 5 |  5.5
Armour         | 1 5 8 9 11 13 14 17 19 | 19.2
Conjurations   | 2 3 4 6 7 8 14 15 | 15.6
Fire Magic     | 4 5 6 8 9 12 13 14 15 16 17 19 21 22 | 22.6
Spellcasting   | 2 4 5 7 10 12 | 12.8
Evocations     | 2 3 5 9 11 12 14 15 | 15.5
Fighting       | 4 5 7 10 11 12 14 16 17 18 19 | 19.0
Polearms       | 4 6 |  6.1
Shields        | 2 7 9 10 11 12 15 17 | 17.1
Poison Magic   | 4 |  4.8
Staves         | 11 | 11.2
Translocations | 2 4 |  4.1

Action                     |  1- 3 |  4- 6 |  7- 9 | 10-12 | 13-15 | 16-18 | 19-21 | 22-24 | 25-27 || total
---------------------------+-------+-------+-------+-------+-------+-------+-------+-------+-------++-------
  Melee: Falchion          |   128 |    78 |   242 |       |       |       |       |       |       ||   448
         Punch             |     1 |     1 |     2 |     1 |       |       |       |       |       ||     5
         Trident           |       |       |    34 |   233 |       |       |       |       |       ||   267
         Spear             |       |       |       |   115 |  1244 |   112 |       |       |       ||  1471
         Staff             |       |       |       |       |    14 |  1533 |  1801 |  1720 |   611 ||  5679
  Throw: Dart              |       |       |     6 |    15 |     8 |     3 |     1 |     5 |       ||    38
   Cast: Scorch            |     9 |    33 |    80 |    77 |    35 |     3 |       |       |       ||   237
         Sticky Flame      |       |       |    11 |    73 |   217 |   157 |   122 |    57 |     5 ||   642
         Mephitic Cloud    |       |       |       |       |     8 |     6 |     1 |       |       ||    15
         Ignite Poison     |       |       |       |       |     3 |     2 |       |       |       ||     5
         Fireball          |       |       |       |       |     2 |    90 |    71 |   104 |    19 ||   286
         Starburst         |       |       |       |       |       |       |    30 |     4 |       ||    34
         Ignition          |       |       |       |       |       |       |     3 |    49 |     7 ||    59
 Invoke: Foxfire Swarm     |       |     1 |       |       |       |       |       |       |       ||     1
Ability: Hop               |       |     2 |     5 |    10 |    17 |     8 |    11 |     2 |     5 ||    60
  Evoke: Wand              |       |       |     5 |    22 |    15 |    18 |     3 |     2 |     3 ||    68
         Lightning rod     |       |       |       |       |     6 |     7 |     2 |       |       ||    15
    Use: Scroll            |       |     5 |     3 |    15 |    11 |    14 |    10 |     2 |     2 ||    62
         Potion            |       |       |     1 |     1 |     4 |    10 |     2 |       |     2 ||    20
   Stab: Distracted        |       |       |     1 |     1 |       |     1 |       |     2 |       ||     5
         Sleeping          |       |       |       |     1 |       |       |       |     3 |       ||     4
         Confused          |       |       |       |       |     2 |     1 |       |     1 |       ||     4
 Armour: Robe              |    20 |       |       |       |       |       |       |       |       ||    20
         Leather armour    |    31 |    35 |   196 |       |       |       |       |       |       ||   262
         Scale mail        |       |     9 |       |       |       |       |   715 |   230 |       ||   954
         Steam dragon scal |       |       |       |    95 |       |       |       |       |       ||    95
         Troll leather arm |       |       |       |   118 |    39 |       |       |       |       ||   157
         Swamp dragon scal |       |       |       |       |   527 |   893 |    72 |       |       ||  1492
         Pearl dragon scal |       |       |       |       |       |       |       |   687 |   209 ||   896
  Dodge: Dodged            |    67 |    37 |   169 |   208 |   723 |  1051 |  1390 |  1034 |   322 ||  5001
  Block: Kite shield       |       |       |       |   103 |   663 |   875 |  1101 |   891 |   369 ||  4002

Table legend: (Time is in decaauts)
 A = Elapsed time spent in this place.
 B = Non-inter-level travel time spent in this place.
 C = Inter-level travel time spent in this place.
 D = Time resting spent in this place.
 E = Time spent auto-exploring this place.
 F = Levels seen in this place.
 G = Mean time per level.
                   A        B        C        D        E       F      G
               +--------+--------+--------+--------+--------+-----+--------+
         Total |  75041 |  69093 |   5948 |  18159 |  28662 |  49 | 1531.4 |
       Dungeon |  23292 |  20796 |   2496 |   5499 |   9522 |  15 | 1552.8 |
          Lair |  12765 |  11721 |   1044 |   4242 |   4452 |   5 | 2553.0 |
         Swamp |   4483 |   4166 |    317 |    653 |   1948 |   4 | 1120.8 |
   Spider Nest |   4332 |   4122 |    210 |    541 |   1874 |   4 | 1083.0 |
  Orcish Mines |   3956 |   3564 |    392 |   1527 |    804 |   2 | 1978.0 |
   Elven Halls |   4525 |   4139 |    386 |   1090 |   1403 |   3 | 1508.3 |
        Vaults |   7781 |   7220 |    561 |   1662 |   3624 |   4 | 1945.2 |
         Crypt |   3227 |   3102 |    125 |    438 |   1724 |   3 | 1075.7 |
        Depths |   5795 |   5380 |    415 |    880 |   2590 |   4 | 1448.8 |
        Bazaar |    139 |    139 |      0 |      0 |     64 |   1 |  139.0 |
         Sewer |    570 |    570 |      0 |    154 |     64 |   1 |  570.0 |
      Ice Cave |    873 |    873 |      0 |    249 |    278 |   1 |  873.0 |
    Desolation |   2468 |   2468 |      0 |    865 |    165 |   1 | 2468.0 |
      Gauntlet |    829 |    829 |      0 |    355 |    145 |   1 |  829.0 |
               +--------+--------+--------+--------+--------+-----+--------+

Top non-repeatable levels by time:
  Lair:5: 3798 daAuts
  Lair:2: 3425 daAuts
   Orc:2: 3197 daAuts
    D:11: 3149 daAuts
Vaults:3: 2842 daAuts
Desolation: 2468 daAuts
   Elf:1: 2353 daAuts
     D:9: 2297 daAuts
  Lair:3: 2242 daAuts
Depths:3: 2023 daAuts
     D:6: 1982 daAuts
Vaults:2: 1921 daAuts
Depths:2: 1850 daAuts
 Swamp:3: 1823 daAuts
    D:13: 1734 daAuts
